 Dungeon Crawl Stone Soup version 0.19.1 (webtiles) character file.

119 KarmaPolice the Vandal (level 5, 0/36 HPs)
             Began as a Halfling Hunter on Dec 2, 2016.
             Slain by a centaur (4 damage)
             ... on level 3 of the Dungeon.
             The game lasted 00:05:48 (2794 turns).

KarmaPolice the Vandal (Halfling Hunter)            Turns: 2794, Time: 00:05:48

Health: 0/36       AC:  5    Str: 13    XL:     5   Next: 23%
Magic:  5/5        EV: 15    Int:  9    God:
Gold:   94         SH:  0    Dex: 16    Spells: 0 memorised, 4 levels left

rFire  . . .     SeeInvis .     b - +0 short sword
rCold  . . .     Gourm    .     c - +0 leather armour
rNeg   . . .     Faith    .     (shield restricted)
rPois  .         Spirit   .     o - +0 helmet
rElec  .         Reflect  .     j - +0 cloak
rCorr  .         Harm     .     (no gloves)
MR     .....                    (no boots)
Stlth  ++........               (no amulet)
                                (no ring)
                                (no ring)

@: no status effects
A: mutation resistance 1
a: no special abilities


You were on level 3 of the Dungeon.
You were very hungry.

You visited 1 branch of the dungeon, and saw 3 of its levels.

You collected 94 gold pieces.

Inventory:

Hand Weapons
 a - a +1 hunting sling
 b - a +0 short sword (weapon)
Missiles
 d - 18 sling bullets
 e - 31 stones (quivered)
Armour
 c - a +0 leather armour (worn)
 j - a +0 cloak (worn)
 o - a +0 helmet (worn)
Jewellery
 p - a cursed ring of loudness {unknown}
Scrolls
 i - a scroll of blinking {unknown}
 k - a scroll of identify {unknown}
 l - a scroll of random uselessness {unknown}
 q - a scroll of remove curse {unknown}
 r - a scroll of noise {unknown}
Potions
 h - a potion of haste {unknown}
 m - a potion of mutation {unknown}
Comestibles
 f - 3 bread rations
 g - a meat ration
 n - 2 beef jerkies


   Skills:
 + Level 2.8 Fighting
 + Level 2.6 Short Blades
 + Level 6.6 Slings
 + Level 3.2 Dodging
 - Level 1.1 Stealth


You had 4 spell levels left.
You didn't know any spells.

Dungeon Overview and Level Annotations

Branches:
Dungeon (3/15)

Altars:
Zin

Annotations:
D:3 Krapule's ghost, amateur HaHu


Innate Abilities, Weirdness & Mutations

You are small and have problems with some larger weapons.
You are somewhat resistant to further mutation.


Message History

You hit the centaur but do no damage.
The centaur is almost dead.
The centaur misses you.
You barely miss the centaur.
The centaur is almost dead.
The centaur barely misses you. The centaur misses you.
You closely miss the centaur.
The centaur is almost dead.
The centaur hits you!
* * * LOW HITPOINT WARNING * * *
You are too injured to fight recklessly!
You are too injured to fight recklessly!
You barely miss the centaur.
The centaur is almost dead.
The centaur closely misses you.
The centaur hits you but does no damage.
You hit the centaur.
The centaur is almost dead.
The centaur hits you.
You die...

#. #.# . . #. #.#
.#. #########.##.#
... #.......?..#.#
#.# #.#######..#.#
#.# #.# #..#.#
#.#####.#### #$.#<#
#.##.......####.(#.#
..##.##.##.....c@((#
#.##.##.##.......###
#.........<......#
####.##.##.....#.#
#.##.##.....#.#
#.............#
#########.##### #)#
.#


You could see a centaur.

Vanquished Creatures
  3 adders (D:2)
  A gnoll (D:1)
  4 worms (D:2)
  2 dart slugs (D:1)
  2 leopard geckos (D:1)
  3 ball pythons
  12 bats
  A giant cockroach (D:1)
  5 goblins (D:1)
  5 hobgoblins
  10 jackals
  4 kobolds
  A quokka (D:2)
  2 frilled lizards (D:2)
  7 rats
62 creatures vanquished.

Notes
Turn   | Place    | Note
-------+----------+-------------------------------------------
     0 | D:1      | KarmaPolice the Halfling Hunter began the quest for the Orb.
     0 | D:1      | Reached XP level 1. HP: 14/14 MP: 1/1
    88 | D:1      | Reached XP level 2. HP: 14/19 MP: 2/2
   258 | D:1      | Reached skill level 1 in Short Blades
   265 | D:1      | Reached XP level 3. HP: 17/25 MP: 3/3
   278 | D:1      | Reached skill level 6 in Slings
   870 | D:1      | Reached XP level 4. HP: 26/30 MP: 4/4
  2106 | D:2      | Reached XP level 5. HP: 35/35 MP: 5/5
  2273 | D:2      | Found a glowing silver altar of Zin.
  2616 | D:3      | Noticed Krapule's ghost (amateur HaHu)
  2770 | D:3      | Noticed a centaur
  2794 | D:3      | Slain by a centaur

Skill      XL: |  1  2  3  4 |
---------------+-------------+-----
Fighting       | 2 |  2.8
Short Blades   | 1 2 |  2.6
Slings         | 6 |  6.6
Dodging        | 3 |  3.2
Stealth        | |  1.1

Action                   |  1- 3 |  4- 6 || total
-------------------------+-------+-------++-------
Melee: Short sword       |   114 |   188 ||   302
 Fire: Hunting sling     |       |    13 ||    13
 Stab: Sleeping          |       |     1 ||     1
  Eat: Chunk             |       |     5 ||     5
Armor: Leather armour    |    34 |    29 ||    63
Dodge: Dodged            |   105 |   160 ||   265
